 Dungeon Crawl Stone Soup version 0.31.0-11-ge490571c62 (webtiles) character file.

Game seed: 16851232711920253468

132 qw the Skirmisher (level 4, -2/25 HPs)
             Began as a Deep Elf Hunter on Feb 3, 2024.
             Slain by an iguana (7 damage)
             ... on level 4 of the Dungeon.
             The game lasted 00:00:43 (2383 turns).

qw the Skirmisher (Deep Elf Hunter)                 Turns: 2383, Time: 00:00:44

Health: -2/25      AC:  8    Str: 10    XL:     4   Next: 92%
Magic:  6/6        EV:  9    Int: 14    God:
Gold:   166        SH:  0    Dex: 18    Spells: 3/3 levels left

rFire   . . .        a - +1 shortbow
rCold   . . .        (shield currently unavailable)
rNeg    . . .        b - +0 scale mail
rPois   .            (helmet restricted)
rElec   .            (no cloak)
rCorr   .            (no gloves)
SInv    .            (no boots)
Will    .....        (no amulet)
Stlth   +            (no ring)
HPRegen 0.24/turn    (no ring)
MPRegen 0.10/turn

%: no passive effects
@: no status effects
A: antennae 1, iridescent scales 1
a: no special abilities


You were on level 4 of the Dungeon.
You visited 1 branch of the dungeon, and saw 4 of its levels.

You collected 166 gold pieces.


Innate Abilities, Weirdness & Mutations

You have a pair of small antennae on your head.
You are partially covered in iridescent scales. (AC +2)


   Skills:
 - Level 1.5 Fighting
 + Level 8.3 Ranged Weapons
 - Level 2.4 Dodging
 - Level 1.2 Stealth


You had 3 spell levels left.
You didn't know any spells.
Your spell library was empty.

Inventory:

Hand Weapons
 a - a +1 shortbow (weapon)
Armour
 b - a +0 scale mail (worn)
Scrolls
 c - a scroll of vulnerability {unknown}
Potions
 d - a potion of heal wounds
 e - a potion of haste
 f - a potion of curing {unknown}
 h - a potion of berserk rage {unknown}

Dungeon Overview and Level Annotations

Branches:
Dungeon (4/15)
 Temple: D:4-7

Altars:
Makhleb
Trog

Shops:
D:1 (   D:2 *


Message History

Found an escape hatch in the floor.
Found a stone staircase leading down.
Found a potion of magic.
Found a scale mail.
A kobold comes into view. It is wielding a +0 dagger.
Found a scroll labelled GEACYL ZAPHA.
The kobold shouts!
You shoot an arrow. The arrow hits the kobold.
You kill the kobold!
Found an escape hatch in the ceiling.
c - a scroll labelled GEACYL ZAPHA An endoplasm comes into view.
The endoplasm quivers.
You shoot an arrow. The arrow barely misses the endoplasm.
You shoot an arrow. The arrow hits the endoplasm.
The endoplasm is severely wounded.
You shoot an arrow. The arrow hits the endoplasm.
You kill the endoplasm!
An iguana comes into view.
The iguana hisses angrily.
You shoot an arrow. The arrow barely misses the iguana.
You shoot an arrow. The arrow barely misses the iguana.
You shoot an arrow. The arrow barely misses the iguana.
You shoot an arrow. The arrow hits the iguana!
The iguana is heavily wounded.
You shoot an arrow. The arrow barely misses the iguana.
The iguana bites you but does no damage.
The iguana bites you!
You shoot an arrow.
The arrow hits the iguana but does no damage.
The iguana is moderately wounded.
The iguana closely misses you.
You shoot an arrow.
The arrow hits the iguana but does no damage.
The iguana is moderately wounded.
The iguana bites you.
You shoot an arrow. The arrow hits the iguana.
The iguana is severely wounded.
The iguana bites you! x2
You die...

..........##
.[......)..##
............##
.............##
..............##
..##...........#
###.........##
#..........#
...........@#
##.........l#
##...<......
#...........
##...........
###..........
#...........
#............


You could see an iguana.

Vanquished Creatures
  An orc wizard (D:3)
  3 adders
  A ribbon worm (D:3)
  A dart slug (D:3)
  4 orcs (D:3)
  8 ball pythons
  6 bats
  2 endoplasms (D:4)
  2 giant cockroaches
  5 goblins
  6 hobgoblins
  12 jackals
  9 kobolds
  A quokka (D:3)
  3 frilled lizards
  3 rats
67 creatures vanquished.

Notes
Turn   | Place    | Note
-------+----------+-------------------------------------------
     0 | D:1      | qw the Deep Elf Hunter began the quest for the Orb.
     0 | D:1      | Reached XP level 1. HP: 12/12 MP: 3/3
     0 | D:1      | 0 ||| qw: Version: 0.3-a-155-g5e7d8dd
     0 | D:1      | 0 ||| qw: Game counter: 3477
     0 | D:1      | 0 ||| qw: Melee chars always use a shield: true
     0 | D:1      | 0 ||| qw: God list: Okawaru
     0 | D:1      | 0 ||| qw: Allow faded altars: false
     0 | D:1      | 0 ||| qw: Do Orc after clearing Dungeon:15 true
     0 | D:1      | 0 ||| qw: Do second Lair branch before Depths: true
     0 | D:1      | 0 ||| qw: Lair rune preference: random
     0 | D:1      | 0 ||| qw: Goals: Normal
     0 | D:1      | 0 ||| PLANNING D:1-11
    48 | D:1      | Found Napnutoe's Weapon Emporium.
   153 | D:1      | Reached skill level 6 in Ranged Weapons
   153 | D:1      | Reached XP level 2. HP: 16/16 MP: 4/4
   172 | D:1      | Found a faded altar of an unknown god.
   828 | D:1      | 828 ||| DROPPING amulet of magic regeneration.
   829 | D:1      | 829 ||| READING 2 scrolls labelled YROLUS PODEE.
   829 | D:1      | 829 ||| IDENTIFYING brown potion
   830 | D:1      | 830 ||| READING scroll of identify.
   830 | D:1      | 830 ||| IDENTIFYING bubbling black potion
   831 | D:1      | 831 ||| DROPPING scroll of butterflies.
   875 | D:2      | Found Tiroafei's General Store.
   931 | D:2      | Reached XP level 3. HP: 20/20 MP: 5/5
   974 | D:2      | 974 ||| SHOPLISTING wand of acid (2) (92 gold, have 68).
  1068 | D:2      | Reached skill level 7 in Ranged Weapons
  1324 | D:2      | 1324 ||| READING scroll labelled QIPTEC NOOSH.
  1325 | D:2      | 1325 ||| READING scroll labelled DYRADD OJADEZ.
  1326 | D:2      | 1326 ||| READING scroll labelled YWUCICIH XIYFF.
  1327 | D:2      | 1327 ||| DRINKING 2 ruby potions.
  1328 | D:2      | 1328 ||| DRINKING smoky sapphire potion.
  1328 | D:2      | Gained mutation: You have a pair of small antennae on your
                  | head. [potion of mutation]
  1328 | D:2      | Gained mutation: You are partially covered in iridescent
                  | scales. (AC +2) [potion of mutation]
  1329 | D:2      | 1329 ||| DRINKING smoky white potion.
  1330 | D:2      | 1330 ||| DROPPING potion of ambrosia.
  1358 | D:3      | Found a bloodstained altar of Trog.
  1418 | D:3      | 1418 ||| FLEEEEING.
  1634 | D:3      | Reached XP level 4. HP: 25/25 MP: 6/6
  1640 | D:3      | 1640 ||| DRINKING metallic cyan potion.
  1641 | D:3      | 1641 ||| DRINKING cyan potion.
  1642 | D:3      | 1642 ||| DRINKING puce potion.
  1761 | D:3      | Reached skill level 8 in Ranged Weapons
  2085 | D:3      | Found a burning altar of Makhleb.
  2087 | D:3      | Noticed an Executioner
  2187 | D:3      | 2187 ||| UPGRADING to +0 scale mail.
  2197 | D:3      | 2197 ||| DROPPING +0 leather armour.
  2198 | D:3      | 2198 ||| READING scroll labelled ULLIRE YCVASH.
  2198 | D:3      | 2198 ||| ENCHANTING +0 shortbow.
  2383 | D:4      | HP: 5/25 [iguana (10)]
  2383 | D:4      | Slain by an iguana

Levels and vault maps discovered:
D:1:      dpeg_arrival_court, layout_loops_ring, serial_shops,
          nicolae_shop_advertising_works [nicolae_subvault_shop_adworks],
          shapermc_ecumenical_altar_mp_ritualfount
D:2:      layout_basic, serial_shops, nicolae_shop_waterfront
D:3:      layout_loops_ring, makhleb_altar_promises_db,
          mainiacjoe_overflow_small_starburst
D:4:      layout_cave_pods, nicolae_uskayaw_dance_hall, serial_shops,
          nicolae_shop_behind_doors, nicolae_stop_n_shop_2,
          kennysheep_minor_cross, uniq_natasha

Skill      XL: |  1  2  3  4 |
---------------+-------------+-----
Ranged Weapons | 6 7 8 |  8.3
Fighting       | |  1.5
Dodging        | |  2.4
Stealth        | |  1.2

Action                     |  1- 3 |  4- 6 || total
---------------------------+-------+-------++-------
   Fire: Shortbow          |   118 |    70 ||   188
    Use: Scroll            |     5 |     1 ||     6
         Potion            |     3 |     3 ||     6
 Armour: Leather armour    |    18 |    19 ||    37
         Scale mail        |       |     6 ||     6
  Dodge: Dodged            |    19 |    19 ||    38

Table legend:
 A = Non-vault XP
 B = Vault XP
 C = Vault XP percentage of total XP
 D = Non-vault monster count
 E = Vault monster count
 F = Vault count percentage of total count
                 A         B        C        D         E       F
            +---------+---------+-------+---------+---------+-------
      Total |     189 |       0 |   0.0 |      67 |       0 |   0.0
            +---------+---------+-------+---------+---------+-------
        D:1 |      38 |       0 |   0.0 |      22 |       0 |   0.0
        D:2 |      29 |       0 |   0.0 |      12 |       0 |   0.0
        D:3 |     104 |       0 |   0.0 |      29 |       0 |   0.0
        D:4 |      18 |       0 |   0.0 |       4 |       0 |   0.0
            +---------+---------+-------+---------+---------+-------
